Map: Hielo y cromo EJ

Players

Leavage

  • Race: Terran Terran
  • League: Platinum
  • Spawn Location: 1:00

LoreHound - Winner!

  • Race: Protoss Protoss
  • League: Platinum
  • Spawn Location: 7:00

VOD

Have the link to the VOD?

Description

Time

  • Played on: Aug. 3, 2020, 10:19 p.m.
  • Length: 9:58
Show
View Real Time Build Order
Export as new Build Order

Leavage Terran 

Build Orders: Reaper Expand 

Get SALT Encoding   

  12  0:00  SCV  
  13  0:12  SCV  
  14  0:17  Supply Depot  
  14  0:24  SCV  
  15  0:39  SCV  
  15  0:40  Barracks  
  16  0:45  Refinery  
  16  0:51  SCV  
  17  1:03  SCV  
  18  1:15  SCV  
  19  1:29  Orbital Command  
  19  1:31  Reaper  
  20  1:56  SCV  
  20  1:59  Command Center  
  21  2:02  Supply Depot  
  21  2:03  Marine  
  21  2:08  SCV  
  23  2:25  Bunker  
  23  2:27  Factory  
  23  2:29  Barracks Reactor  
  23  2:32  SCV  
  23  2:34  Refinery  
  24  2:55  SCV  
  25  3:05  Marine x2  
  25  3:06  Supply Depot  
  25  3:07  SCV  
  25  3:11  Widow Mine  
  25  3:12  Starport  
  30  3:18  Orbital Command  
  30  3:26  Marine x2  
  32  3:29  SCV  
  33  3:38  Widow Mine  
  36  3:41  SCV  
  36  3:45  Marine x2  
  36  3:46  Supply Depot  
  38  3:52  Medivac  
  40  3:58  SCV x2  
  42  4:14  SCV x2  
  42  4:15  Marine  
  42  4:16  Widow Mine  
  47  4:17  Marine  
  48  4:26  SCV x2  
  50  4:34  Supply Depot  
  50  4:36  Marine  
  50  4:37  Marine  
  53  4:38  SCV  
  53  4:45  SCV  
  54  4:52  Factory Tech Lab  
  54  4:53  Command Center  
  54  4:55  Starport Reactor  
  54  4:56  Marine x2  
  54  4:57  SCV x2  
  58  5:09  SCV  
  58  5:10  Supply Depot  
  58  5:11  Barracks  
  58  5:13  Barracks  
  59  5:14  Supply Depot  
  59  5:15  SCV  
  59  5:20  Refinery  
  60  5:21  SCV  
  60  5:25  Refinery  
  60  5:28  SCV  
  62  5:34  SCV  
  63  5:52  SCV x2  
  63  5:55  Marine  
  63  5:56  Marine  
  67  6:04  SCV x2  
  69  6:05  Barracks Tech Lab  
  69  6:06  Orbital Command, Barracks Tech Lab  
  69  6:16  SCV x2  
  71  6:25  Combat Shield, Stimpack  
  71  6:27  Marine x2, Marauder x2  
  71  6:28  SCV x2  
  71  6:29  Siege Tank  
  71  6:30  Medivac x2  
  71  6:31  Orbital Command  
  86  6:40  SCV x2  
  80  6:52  SCV x2  
  82  6:56  Marine x2, Marauder x2  
  88  7:02  Siege Tank  
  91  7:14  Marine x2  
  93  7:17  Marauder x2  
  93  7:19  Barracks  
  93  7:22  Barracks  
  97  7:33  Engineering Bay  
  97  7:34  SCV, Engineering Bay  
  97  7:35  Marine x2  
  100  7:38  Armory  
  100  7:46  Marine  
  101  8:11  Marine, SCV x3  
  101  8:12  Marauder x2  
  109  8:13  Supply Depot  
  109  8:15  Supply Depot  
  109  8:16  Supply Depot  
  109  8:20  Missile Turret, Barracks Tech Lab x2  
  109  8:34  Marine, Medivac  
  109  8:35  SCV x3, Marauder  
  109  8:36  Marine x2, Medivac  
  121  8:53  Marauder  
  120  9:08  Marine x3  
  120  9:09  Marauder x2  
  111  9:14  Marauder  
  109  9:23  Siege Tank  
  108  9:24  Medivac x2  
  108  9:26  Marine x2  
  108  9:27  Marauder  
  108  9:30  Marauder  
Show
View Real Time Build Order
Export as new Build Order

LoreHound Protoss - Winner!

Build Orders: Phoenix Opening 

Get SALT Encoding   

  12  0:00  Probe (Chrono Boost)  
  13  0:11  Probe (Chrono Boost)  
  14  0:18  Pylon  
  14  0:20  Probe  
  15  0:38  Gateway  
  15  0:39  Probe  
  16  0:50  Assimilator  
  16  0:52  Probe  
  17  1:04  Probe  
  18  1:16  Probe  
  19  1:24  Gateway  
  19  1:26  Cybernetics Core  
  19  1:28  Probe  
  20  1:47  Assimilator  
  20  1:49  Pylon  
  19  2:00  Warp Gate (Chrono Boost)  
  19  2:02  Probe  
  19  2:04  Stalker (Chrono Boost)  
  22  2:14  Probe  
  23  2:18  Nexus  
  23  2:26  Probe  
  23  2:27  Pylon  
  24  2:32  Pylon  
  24  2:38  Sentry  
  26  2:53  Gateway  
  26  2:55  Robotics Facility  
  26  2:59  Probe  
  27  3:12  Probe  
  28  3:13  Stalker (Chrono Boost)  
  28  3:18  Phoenix  
  30  3:21  Gateway  
  30  3:24  Probe  
  31  3:37  Probe (Chrono Boost)  
  31  3:41  Probe (Chrono Boost)  
  33  3:47  Probe (Chrono Boost)  
  35  3:49  Stalker  
  35  3:50  Probe (Chrono Boost)  
  35  3:52  Probe (Chrono Boost)  
  35  3:53  Sentry  
  40  4:00  Probe  
  40  4:01  Twilight Council  
  41  4:03  Observer  
  42  4:19  Pylon  
  42  4:26  Probe x2  
  44  4:32  Assimilator  
  44  4:38  Probe x2  
  46  4:39  Robotics Bay  
  46  4:45  Stalker  
  48  4:50  Probe (Chrono Boost)  
  50  4:55  Assimilator  
  50  4:56  Probe (Chrono Boost)  
  51  5:00  Probe (Chrono Boost)  
  51  5:02  Observer  
  51  5:03  Probe (Chrono Boost)  
  51  5:05  Probe (Chrono Boost)  
  54  5:14  Probe  
  54  5:17  Probe  
  56  5:23  Observer, Stalker x2  
  56  5:26  Probe  
  62  5:31  Pylon  
  62  5:33  Pylon  
  62  5:36  Pylon  
  62  5:40  Probe (Chrono Boost)  
  54  5:49  Blink  
  54  5:52  Probe (Chrono Boost), Stalker x3  
  54  5:57  Probe (Chrono Boost)  
  62  6:06  Extended Thermal Lance  
  62  6:07  Probe (Chrono Boost)  
  64  6:19  Probe (Chrono Boost)  
  64  6:24  Probe (Chrono Boost), Stalker  
  64  6:25  Stalker x3  
  73  6:33  Probe  
  74  6:45  Probe  
  75  6:51  Colossus (Chrono Boost)  
  79  6:59  Probe x2  
  83  7:08  Pylon  
  83  7:09  Pylon  
  83  7:11  Probe  
  83  7:12  Probe  
  85  7:23  Probe  
  85  7:26  Probe  
  85  7:29  Stalker x3  
  93  7:35  Probe  
  94  7:37  Colossus  
  94  7:38  Probe  
  94  7:42  Nexus  
  101  7:46  Pylon  
  101  7:48  Probe  
  102  7:51  Pylon  
  102  8:02  Pylon  
  102  8:03  Pylon  
  102  8:04  Probe  
  102  8:05  Pylon  
  103  8:06  Pylon  
  103  8:08  Forge  
  103  8:10  Forge  
  103  8:14  Charge (Chrono Boost)  
  103  8:16  Templar Archives  
  103  8:27  Stalker x2  
  103  8:28  Stalker  
  103  8:31  Sentry  
  111  8:36  Probe x2  
  113  8:44  Warp Prism  
  113  8:48  Probe  
  116  8:49  Probe  
  117  9:00  Probe  
  118  9:04  Stalker x4  
  122  9:24  Probe (Chrono Boost)  
  122  9:30  Assimilator  
  125  9:32  Probe x2 (Chrono Boost)  
  125  9:34  Probe (Chrono Boost)  
  125  9:35  Assimilator  
  126  9:39  Probe (Chrono Boost)  
  126  9:45  Stalker x3  
  123  9:46  Stalker  
Tags
 
Add a new tag
Caveats
  • Supply blocks, unpowered buildings, or Contaminate may cause inaccurate times.
  • Supply counts are checked every 10 seconds.